 Dungeon Crawl Stone Soup version 0.31-a0-187-gba352fbbf7 (webtiles) character file.

Game seed: 12655081721209903822

12 qw the Shooter (level 2, -1/16 HPs)
             Began as a Deep Elf Hunter on June 22, 2023.
             Succumbed to their own poison gas
             ... on level 1 of the Dungeon.
             The game lasted 00:00:11 (802 turns).

qw the Shooter (Deep Elf Hunter)                     Turns: 802, Time: 00:00:12

Health: -1/16      AC:  3    Str: 14    XL:     2   Next: 20%
Magic:  4/4        EV: 12    Int: 13    God:
Gold:   44         SH:  0    Dex: 18    Spells: 1/1 levels left

rFire   . . .        Y - +0 shortbow
rCold   . . .        (shield currently unavailable)
rNeg    . . .        c - +0 leather armour
rPois   .            (no helmet)
rElec   .            (no cloak)
rCorr   .            (no gloves)
SInv    +            (no boots)
Will    .....        (no amulet)
Stlth   ++           e - ring of see invisible
HPRegen 0.22/turn    g - +6 ring of strength
MPRegen 0.09/turn

%: no passive effects
@: lethally poisoned (-1 -> -7)
A: no striking features
a: no special abilities


You were on level 1 of the Dungeon.
You visited 1 branch of the dungeon, and saw 1 of its levels.

You collected 44 gold pieces.


   Skills:
 - Level 1.5 Fighting
 + Level 6.1 Ranged Weapons
 - Level 2.4 Dodging
 - Level 1.2 Stealth


You had one spell level left.
You didn't know any spells.
Your spell library was empty.

Inventory:

Hand Weapons
 Y - a +0 shortbow (weapon)
Armour
 c - a +0 leather armour (worn)
Jewellery
 e - a ring of see invisible (left hand)
 g - a +6 ring of strength (right hand)
Potions
 i - a potion of might {unknown}

Dungeon Overview and Level Annotations

Branches:
Dungeon (1/15)

Altars:


Message History

Done exploring.
795 ||| READING scroll labelled WIHAGE OMUCRIE.
As you read the scroll labelled WIHAGE OMUCRIE, it crumbles to dust.
It is a scroll of identify.
Really abort (and waste the scroll)?
Done exploring.
796 ||| DROPPING scroll of butterflies.
You drop a scroll of butterflies.
Done exploring.
(D) Dungeon
Where to? (* - list waypoints, ? - help)
What level of the Dungeon? (default 1, ? - help) Sorry, I don't know how to get there.
Enter note:
Enter note:
Enter note:
Enter note:
Enter note:
Enter note:
Enter note:
Enter note:
Enter note:
Enter note:
Enter note:
Enter note: Really walk into that cloud of poison gas?
You are engulfed in poison gas.
You are lethally poisoned!
You feel very sick.
798 ||| Stepping ~*~*~tactically~*~*~ (cloud).
You feel very sick.
Things that are here:
a scroll of butterflies; a +6 ring of intelligence
There is a lethal amount of poison in your body!
You feel very sick.
There is a lethal amount of poison in your body!
You feel sick.
There is a lethal amount of poison in your body!
You feel sick.
There is a lethal amount of poison in your body!
You die...

#### #........# ##...##
###.....### #.....#
##....0¤# ##...##
##.#.#¤#####.##########
#.#.¤¤¤...............
#.###¤#####.##########
#.# #0# #.# #.###¤# #.#
#¤¤¤¤@# #.# ####
####### #.# ...# #####
#.# ##.#
#######...#######.####
#.#
#.....#..............#
##.#
#.###.#...#######.##.#
.#.###.##.....##
##...#.# ####
.#.##.........#
#......# #...
.#.##..##..##.#
##...#.# #.##


There were no monsters in sight!

Vanquished Creatures
  4 endoplasms (D:1)
  A giant cockroach (D:1)
  2 bats (D:1)
  A frilled lizard (D:1)
  2 kobolds (D:1)
  3 rats (D:1)
13 creatures vanquished.

Notes
Turn   | Place    | Note
-------+----------+-------------------------------------------
     0 | D:1      | qw the Deep Elf Hunter began the quest for the Orb.
     0 | D:1      | Reached XP level 1. HP: 12/12 MP: 3/3
     0 | D:1      | 0 ||| qw: Version: 0.3-a-9-g12657ce
     0 | D:1      | 0 ||| qw: Game counter: 2418
     0 | D:1      | 0 ||| qw: Always use a shield: true
     0 | D:1      | 0 ||| qw: God list: Okawaru
     0 | D:1      | 0 ||| qw: Allow faded altars: false
     0 | D:1      | 0 ||| qw: Do Orc after D:15 true
     0 | D:1      | 0 ||| qw: Do second Lair branch before Depths: true
     0 | D:1      | 0 ||| qw: Lair rune preference: random
     0 | D:1      | 0 ||| qw: Plans: Normal
     0 | D:1      | 0 ||| PLANNING D:1-11
   405 | D:1      | Reached XP level 2. HP: 16/16 MP: 4/4
   618 | D:1      | Reached skill level 6 in Ranged Weapons
   790 | D:1      | 790 ||| DROPPING +6 ring of intelligence.
   791 | D:1      | 791 ||| UPGRADING to ring of see invisible.
   792 | D:1      | 792 ||| UPGRADING to +6 ring of strength.
   793 | D:1      | 793 ||| READING scroll labelled LUOROBI BUGHA.
   794 | D:1      | 794 ||| READING scroll labelled JIELENWELUE.
   795 | D:1      | 795 ||| READING scroll labelled WIHAGE OMUCRIE.
   796 | D:1      | 796 ||| DROPPING scroll of butterflies.
   798 | D:1      | 798 ||| Stepping ~*~*~tactically~*~*~ (cloud).
   800 | D:1      | HP: 3/16 [poisoned by you (poison gas)]
   801 | D:1      | HP: 1/16 [poisoned by you (poison gas)]
   802 | D:1      | Succumbed to their own poison gas

Levels and vault maps discovered:
D:1:      lightli_arrival_statuegarden, layout_loops_corners

Skill      XL: |  1  2 |
---------------+-------+-----
Ranged Weapons | 6 |  6.1
Fighting       | |  1.5
Dodging        | |  2.4
Stealth        | |  1.2

Action                     || total
---------------------------++-------
   Fire: Shortbow          ||    30
    Use: Scroll            ||     3
 Armour: Leather armour    ||     2
  Dodge: Dodged            ||     4

Table legend:
 A = Non-vault XP
 B = Vault XP
 C = Vault XP percentage of total XP
 D = Non-vault monster count
 E = Vault monster count
 F = Vault count percentage of total count
                 A         B        C        D         E       F
            +---------+---------+-------+---------+---------+-------
      Total |      18 |       0 |   0.0 |      13 |       0 |   0.0
            +---------+---------+-------+---------+---------+-------
        D:1 |      18 |       0 |   0.0 |      13 |       0 |   0.0
            +---------+---------+-------+---------+---------+-------
